 Dungeon Crawl Stone Soup version 0.29.0-4-gdea44cf6ec (webtiles) character file.

Game seed: 7440391055795839053

19646 qw the Brawler (level 12, 0/118 HPs)
             Began as a Troll Cinder Acolyte on Sept 1, 2022.
             Was a Follower of Okawaru.
             Slain by an eight-headed hydra (12 damage)
             ... on level 5 of the Lair of Beasts.
             The game lasted 00:06:28 (9898 turns).

qw the Brawler (Troll Cinder Acolyte)               Turns: 9898, Time: 00:06:28

Health: 0/118      AC:  6    Str: 31    XL:     12   Next: 38%
Magic:  10/12      EV: 11    Int: 10    God:    Okawaru [*.....]
Gold:   662        SH:  5    Dex:  8    Spells: 13/13 levels left

rFire   . . .      SeeInvis .     - Unarmed
rCold   . . .      Faith    .   (no shield)
rNeg    . . .      Spirit   .   a - +0 robe
rPois   .          Reflect  +   f - +1 hat of the Fisher {Str+2}
rElec   .          Harm     .   k - +0 cloak of the Hidden Vale {+Inv rF+ Will+ Stlth+}
rCorr   .          Rampage  .   (gloves unavailable)
Will    +....                   (boots unavailable)
Stlth   +++.......              o - amulet "Zaagg" {Reflect Dex+3 SH+5}
HPRegen 1.09/turn               (no ring)
MPRegen 0.13/turn               (no ring)

@: about to teleport, heroic, fire susceptible
A: large, unfitting armour, claws 3, regeneration 1, shaggy fur 1, tough skin 1
a: Renounce Religion, Evoke Invisibility, Heroism


You were on level 5 of the Lair of Beasts.
You worshipped Okawaru.
Okawaru was aware of your devotion.
You visited 3 branches of the dungeon, and saw 13 of its levels.

You collected 662 gold pieces.


Innate Abilities, Weirdness & Mutations

You are too large for most types of armour.
You have claws for hands.
Your natural rate of healing is unusually fast.
You are covered in fur. (AC +1)
You have tough skin. (AC +1)


   Skills:
 - Level 7.0(12.0) Fighting
 - Level 4.0(9.0) Throwing
 - Level 1.2(6.2) Armour
 - Level 3.1(8.1) Dodging
 + Level 17.7(22.7) Unarmed Combat
 - Level 1.0 Spellcasting
 - Level 2.1 Fire Magic
 + Level 2.3 Invocations


You had 13 spell levels left.
You didn't know any spells.
Your spell library contained the following spells:

 Spells                   Type           Power      Damage    Failure   Level
 Scorch                   Fire           8%         2d5       22%         2

Inventory:

Missiles
 r - a boomerang (quivered)
Armour
 a - a +0 robe (worn)
 f - the +1 hat of the Fisher (worn) {Str+2}
   (You acquired it on level 3 of the Dungeon)

   Str:       It affects your strength (+2).
 k - the +0 cloak of the Hidden Vale (worn) {+Inv rF+ Will+ Stlth+}
   (You acquired it on level 4 of the Dungeon)

   rF:        It protects you from fire.
   +Inv:      It lets you turn invisible.
   Will:      It increases your willpower.
   Stlth:     It makes you more stealthy.
 m - a +1 cloak
Jewellery
 c - a ring of fire
 o - the amulet "Zaagg" (around neck) {Reflect Dex+3 SH+5}
   (You found it on level 4 of the Dungeon)

   [amulet of reflection]

   It reflects blocked missile attacks.
   Dex:       It affects your dexterity (+3).
   SH:        It affects your SH (+5).
Scrolls
 g - 2 scrolls of brand weapon
 h - a scroll of enchant weapon
 j - a scroll of identify
Potions
 b - a potion of might
 d - 3 potions of resistance
 e - 2 potions of curing
 l - a potion of mutation {unknown}
 n - a potion of lignification {unknown}
 q - a potion of haste {unknown}

Dungeon Overview and Level Annotations

Branches:
Dungeon (8/15)             Temple (1/1) D:7            Lair (5/5) D:8
  Swamp (0/4) Lair:2       Spider (0/4) Lair:3
  Slime: Lair:4-5

Altars:
Ashenzari
Cheibriados
Dithmenos
Elyvilon
Fedhas
Hepliaklqana
Kikubaaqudgha
Makhleb
Nemelex Xobeh
Okawaru
Qazlal
Ru
Sif Muna
Trog
Uskayaw
Vehumet
Wu Jian
Xom
Zin
The Shining One

Shops:
D:1 !   D:6 [

Annotations:
D:7 2 transporters, qw's ghost, novice TrCA
Lair:3 Fannar


Message History

You eviscerate Rupert!!! Your claw misses Rupert.
Rupert is severely wounded.
You hear a roar!
Rupert closely misses you.
You closely miss Rupert.
Rupert is heavily wounded.
You eviscerate Rupert!!!
Rupert is almost dead.
Rupert hits you with a +2 great sword of distortion!!
Space warps horribly around you!
You eviscerate Rupert!!!
You kill Rupert!
Okawaru accepts your kill.
Your Invocations skill gained 2 levels and is now at level 2!
You start resting.
You feel like a meek peon again.
An eight-headed hydra comes into view.
9893 ||| FLEEEEING.
9894 ||| FLEEEEING.
9895 ||| FLEEEEING.
There is a stone staircase leading up here.
9896 ||| INVOKING Heroism.
You gain the combat prowess of a mighty hero.
The eight-headed hydra bites you! The eight-headed hydra misses you.
The eight-headed hydra bites you. x2; The eight-headed hydra bites you!
The eight-headed hydra bites you. The eight-headed hydra bites you! x2
You completely miss the eight-headed hydra.
The eight-headed hydra bites you! The eight-headed hydra bites you.
The eight-headed hydra misses you.
The eight-headed hydra bites you but does no damage.
The eight-headed hydra bites you.
The eight-headed hydra closely misses you.
You block the eight-headed hydra's attack.
The eight-headed hydra bites you but does no damage.
9898 ||| READING scroll of teleportation.
As you read the scroll of teleportation, it crumbles to dust.
You feel strangely unstable.
The eight-headed hydra bites you but does no damage.
The eight-headed hydra bites you. The eight-headed hydra bites you!
You die...

........###.##
..........#.#.##..#### #
.............##......###
........................
........................
........................
........................
...(...................)
...(..D@.)..............
.#...#....#.#..#..##P..#
#.## #####.###.##.######
### ######


You could see an eight-headed hydra.

Vanquished Creatures
  Rupert (Lair:5)
  A two-headed ogre (D:5)
  A hydra (Lair:1)
  Amaemon (Lair:3)
  4 elephants (Lair:3)
  A black mamba (Lair:3)
  An orange demon (Lair:3)
  5 cane toads
  A hornet (D:8)
  A tyrant leech (Lair:2)
  A polar bear (Lair:2)
  12 blink frogs
  Sigmund (D:6)
  23 yaks
  2 basilisks (Lair:1)
  2 wyverns (Lair:5)
  Eustachio (D:6)
  A steam dragon (D:8)
  2 wargs (D:8)
  2 swamp worms (Lair:2)
  5 water moccasins
  3 orc warriors
  Duvessa (D:7)
  3 ice beasts (D:5)
  5 black bears
  6 wolves
  2 centaurs
  An ogre (D:7)
  2 phantoms
  8 bullfrogs
  4 necrophages
  6 scorpions
  15 wights
  Dowan (D:7)
  5 killer bees (D:8)
  3 vampire bats (D:7)
  2 howler monkeys
  4 orc priests
  A jelly (D:7)
  4 hounds
  A gnoll bouda (D:5)
  Jessica (D:3)
  4 iguanas
  8 orc wizards
  A statue (D:4)
  7 gnolls (D:5)
  4 adders
  A white imp (D:5)
  4 worms
  15 dart slugs
  25 orcs
  3 bat skeletons (D:7)
  3 bat zombies (D:7)
  6 endoplasms
  8 giant cockroaches
  A goblin (D:4)
  5 hobgoblins
  6 jackals (D:1)
  4 quokkas
  8 ball pythons
  4 bats
  4 frilled lizards
  10 kobolds
  6 rats
284 creatures vanquished.

Vanquished Creatures (others)
  12 fungi
  2 plants (Lair:3)
14 creatures vanquished.

Grand Total: 298 creatures vanquished

Notes
Turn   | Place    | Note
-------+----------+-------------------------------------------
     0 | D:1      | qw the Troll Cinder Acolyte began the quest for the Orb.
     0 | D:1      | Reached XP level 1. HP: 22/22 MP: 1/1
     0 | D:1      | 0 ||| qw: Version: 0.1-a-97-g2dd2ca4
     0 | D:1      | 0 ||| qw: Game counter: 4705
     0 | D:1      | 0 ||| qw: Always use a shield: true
     0 | D:1      | 0 ||| qw: God list: Okawaru
     0 | D:1      | 0 ||| qw: Allow faded altars: false
     0 | D:1      | 0 ||| qw: Do Orc after D:15 true
     0 | D:1      | 0 ||| qw: Do second Lair branch before Depths: true
     0 | D:1      | 0 ||| qw: Lair rune preference: random
     0 | D:1      | 0 ||| qw: Plans: Normal
     0 | D:1      | 0 ||| PLANNING D:1-11
    90 | D:1      | 90 ||| Stepping ~*~*~tactically~*~*~ (outnumbered).
   156 | D:1      | Reached XP level 2. HP: 29/29 MP: 2/2
   192 | D:1      | Found a faded altar of an unknown god.
   238 | D:1      | 238 ||| Stepping ~*~*~tactically~*~*~ (outnumbered).
   253 | D:1      | Reached skill level 4 in Unarmed Combat
   285 | D:1      | 285 ||| Stepping ~*~*~tactically~*~*~ (outnumbered).
   286 | D:1      | 286 ||| Stepping ~*~*~tactically~*~*~ (outnumbered).
   287 | D:1      | 287 ||| Stepping ~*~*~tactically~*~*~ (outnumbered).
   288 | D:1      | 288 ||| Stepping ~*~*~tactically~*~*~ (outnumbered).
   378 | D:1      | Found Raesum's Distillery.
   388 | D:1      | Reached XP level 3. HP: 33/36 MP: 3/3
   392 | D:1      | 392 ||| SHOPLISTING potion of curing (39 gold, have 19).
   392 | D:1      | 392 ||| SHOPLISTING potion of heal wounds (65 gold, have
                  | 19).
   392 | D:1      | 392 ||| SHOPLISTING potion of mutation (104 gold, have 19).
   782 | D:1      | 782 ||| UPGRADING to +0 cloak.
   787 | D:1      | 787 ||| READING scroll labelled WIPUKL JIAM WOCUA.
   788 | D:1      | 788 ||| READING 2 scrolls labelled CURADI ZYTANAI.
   789 | D:1      | 789 ||| READING scroll labelled FAJ NI CIKH.
   822 | D:2      | You fall into a shaft and drop 2 floors!
   836 | D:4      | Reached XP level 4. HP: 43/44 MP: 4/4
   850 | D:3      | Noticed Jessica
   852 | D:3      | 852 ||| Stepping ~*~*~tactically~*~*~ (hiding).
   853 | D:3      | 853 ||| Stepping ~*~*~tactically~*~*~ (hiding).
   862 | D:3      | 862 ||| Stepping ~*~*~tactically~*~*~ (hiding).
   864 | D:3      | 864 ||| Stepping ~*~*~tactically~*~*~ (hiding).
   870 | D:3      | 870 ||| Stepping ~*~*~tactically~*~*~ (hiding).
   871 | D:3      | 871 ||| Stepping ~*~*~tactically~*~*~ (hiding).
   874 | D:3      | Killed Jessica
   875 | D:3      | Reached skill level 5 in Unarmed Combat
   985 | D:3      | 985 ||| Stepping ~*~*~tactically~*~*~ (stealth).
   988 | D:3      | 988 ||| Stepping ~*~*~tactically~*~*~ (stealth).
  1107 | D:3      | 1107 ||| Stepping ~*~*~tactically~*~*~ (hiding).
  1110 | D:3      | 1110 ||| Stepping ~*~*~tactically~*~*~ (hiding).
  1160 | D:3      | 1160 ||| Stepping ~*~*~tactically~*~*~ (stealth).
  1190 | D:3      | 1190 ||| READING scroll labelled WADISKIMENKE.
  1190 | D:3      | Identified a scroll of acquirement
  1190 | D:3      | 1190 ||| ACQUIRING +1 hat of the Fisher {Str+2}
  1190 | D:3      | Acquired the +1 hat of the Fisher {Str+2}
  1192 | D:3      | 1192 ||| Stepping ~*~*~tactically~*~*~ (hiding).
  1193 | D:3      | 1193 ||| Stepping ~*~*~tactically~*~*~ (hiding).
  1196 | D:3      | 1196 ||| INVOKING Fiery Armour.
  1200 | D:3      | 1200 ||| Stepping ~*~*~tactically~*~*~ (outnumbered).
  1201 | D:3      | 1201 ||| STAIRDANCE
  1206 | D:2      | Reached XP level 5. HP: 30/50 MP: 5/5
  1252 | D:2      | Reached skill level 6 in Unarmed Combat
  1634 | D:2      | 1634 ||| READING scroll labelled XACRAA ILILASOUT.
  1659 | D:2      | 1659 ||| READING scroll labelled DOSAD WUYSU.
  1660 | D:2      | 1660 ||| READING scroll labelled KAOMANNAIPS.
  1664 | D:2      | 1664 ||| READING scroll labelled LANGUPT OMEC.
  1665 | D:2      | 1665 ||| Stepping randomly (stuck).
  1666 | D:2      | 1666 ||| Stepping ~*~*~tactically~*~*~ (cloud).
  1745 | D:3      | 1745 ||| Stepping ~*~*~tactically~*~*~ (hiding).
  1764 | D:3      | 1764 ||| Stepping ~*~*~tactically~*~*~ (stealth).
  2015 | D:3      | Found a stormy altar of Qazlal.
  2245 | D:3      | 2245 ||| Stepping ~*~*~tactically~*~*~ (stealth).
  2248 | D:3      | 2248 ||| Stepping ~*~*~tactically~*~*~ (stealth).
  2285 | D:3      | 2285 ||| Stepping ~*~*~tactically~*~*~ (hiding).
  2490 | D:3      | 2490 ||| UPGRADING to +1 hat of the Fisher {Str+2}.
  2495 | D:3      | 2495 ||| READING scroll labelled ZICSAATWUE.
  2596 | D:3      | 2596 ||| DRINKING 2 silvery potions.
  2597 | D:3      | 2597 ||| DROPPING potion of brilliance.
  2687 | D:4      | 2687 ||| READING scroll of acquirement.
  2687 | D:4      | 2687 ||| ACQUIRING +0 cloak of the Hidden Vale {+Inv rF+
                  | Will+ Stlth+}
  2687 | D:4      | Acquired the +0 cloak of the Hidden Vale {+Inv rF+ Will+
                  | Stlth+}
  2689 | D:4      | 2689 ||| UPGRADING to +0 cloak of the Hidden Vale {+Inv rF+
                  | Will+ Stlth+}.
  2699 | D:4      | 2699 ||| DROPPING +0 cloak.
  2754 | D:4      | Reached skill level 7 in Unarmed Combat
  2754 | D:4      | Reached XP level 6. HP: 59/59 MP: 6/6
  2817 | D:4      | 2817 ||| Stepping ~*~*~tactically~*~*~ (stealth).
  2818 | D:4      | 2818 ||| Stepping ~*~*~tactically~*~*~ (stealth).
  2969 | D:4      | 2969 ||| Stepping ~*~*~tactically~*~*~ (outnumbered).
  2970 | D:4      | 2970 ||| Stepping ~*~*~tactically~*~*~ (outnumbered).
  3220 | D:4      | Found a radiant altar of Vehumet.
  3221 | D:4      | 3221 ||| Stepping ~*~*~tactically~*~*~ (stealth).
  3223 | D:4      | 3223 ||| Stepping ~*~*~tactically~*~*~ (stealth).
  3225 | D:4      | 3225 ||| Stepping ~*~*~tactically~*~*~ (stealth).
  3227 | D:4      | 3227 ||| INVOKING Fiery Armour.
  3250 | D:4      | 3250 ||| Stepping ~*~*~tactically~*~*~ (stealth).
  3251 | D:4      | 3251 ||| Stepping ~*~*~tactically~*~*~ (stealth).
  3315 | D:4      | Identified the amulet "Zaagg" {Reflect Dex+3 SH+5}
  3331 | D:4      | 3331 ||| UPGRADING to amulet "Zaagg" {Reflect Dex+3 SH+5}.
  3336 | D:4      | 3336 ||| READING scroll labelled TOORPHEGIOJ.
  3368 | D:5      | Entered Level 5 of the Dungeon
  3406 | D:5      | Reached XP level 7. HP: 66/66 MP: 7/7
  3409 | D:5      | Reached skill level 1 in Dodging
  3415 | D:5      | Reached skill level 8 in Unarmed Combat
  3416 | D:5      | 3416 ||| FLEEEEING.
  3417 | D:5      | 3417 ||| Stepping ~*~*~tactically~*~*~ (stealth).
  3476 | D:5      | 3476 ||| Stepping ~*~*~tactically~*~*~ (stealth).
  3478 | D:5      | 3478 ||| Stepping ~*~*~tactically~*~*~ (hiding).
  3645 | D:5      | 3645 ||| Stepping ~*~*~tactically~*~*~ (stealth).
  3647 | D:5      | Reached skill level 3 in Fighting
  3765 | D:5      | 3765 ||| Stepping ~*~*~tactically~*~*~ (hiding).
  3872 | D:5      | 3872 ||| Stepping ~*~*~tactically~*~*~ (hiding).
  3989 | D:5      | Reached skill level 9 in Unarmed Combat
  4076 | D:5      | Found a glowing silver altar of Zin.
  4172 | D:5      | 4172 ||| DROPPING amulet of regeneration.
  4173 | D:5      | 4173 ||| READING scroll labelled TIUKIKHIPO.
  4174 | D:5      | 4174 ||| DRINKING 2 metallic white potions.
  4175 | D:5      | 4175 ||| READING 2 scrolls of identify.
  4175 | D:5      | 4175 ||| IDENTIFYING blue potion
  4176 | D:5      | 4176 ||| DROPPING potion of degeneration.
  4218 | D:6      | 4218 ||| STAIRDANCE
  4324 | D:6      | 4324 ||| STAIRDANCE
  4324 | D:6      | Noticed a two-headed ogre
  4331 | D:5      | Reached XP level 8. HP: 71/75 MP: 8/8
  4336 | D:6      | Noticed Eustachio
  4337 | D:6      | 4337 ||| STAIRDANCE
  4342 | D:5      | Killed a two-headed ogre
  4343 | D:5      | Reached skill level 11 in Unarmed Combat
  4361 | D:6      | 4361 ||| STAIRDANCE
  4379 | D:6      | 4379 ||| STAIRDANCE
  4405 | D:6      | 4405 ||| Stepping ~*~*~tactically~*~*~ (outnumbered).
  4406 | D:6      | 4406 ||| Stepping ~*~*~tactically~*~*~ (outnumbered).
  4412 | D:6      | Killed Eustachio
  4413 | D:6      | Reached XP level 9. HP: 82/84 MP: 9/9
  4415 | D:6      | Noticed Sigmund
  4420 | D:6      | Killed Sigmund
  4426 | D:6      | 4426 ||| Stepping ~*~*~tactically~*~*~ (stealth).
  4434 | D:6      | Found Niuv's Antique Armour Boutique.
  4802 | D:6      | 4802 ||| DRINKING 2 clear potions.
  4825 | D:7      | 4825 ||| Stepping ~*~*~tactically~*~*~ (outnumbered).
  4826 | D:7      | 4826 ||| STAIRDANCE
  4828 | D:6      | 4828 ||| Stepping ~*~*~tactically~*~*~ (outnumbered).
  4829 | D:6      | 4829 ||| Stepping ~*~*~tactically~*~*~ (outnumbered).
  4830 | D:6      | 4830 ||| Stepping ~*~*~tactically~*~*~ (outnumbered).
  4831 | D:6      | 4831 ||| Stepping ~*~*~tactically~*~*~ (outnumbered).
  4838 | D:6      | 4838 ||| INVOKING Fiery Armour.
  4840 | D:6      | Reached skill level 12 in Unarmed Combat
  4860 | D:6      | 4860 ||| FLEEEEING.
  4861 | D:6      | 4861 ||| FLEEEEING.
  4863 | D:6      | 4863 ||| FLEEEEING.
  4864 | D:6      | 4864 ||| FLEEEEING.
  4865 | D:6      | 4865 ||| FLEEEEING.
  4866 | D:6      | 4866 ||| FLEEEEING.
  4867 | D:6      | 4867 ||| FLEEEEING.
  4868 | D:6      | 4868 ||| FLEEEEING.
  4869 | D:6      | 4869 ||| FLEEEEING.
  4870 | D:6      | 4870 ||| FLEEEEING.
  4899 | D:7      | 4899 ||| STAIRDANCE
  4932 | D:7      | 4932 ||| Stepping ~*~*~tactically~*~*~ (stealth).
  4934 | D:7      | 4934 ||| Stepping ~*~*~tactically~*~*~ (stealth).
  5039 | D:7      | Noticed a queen bee
  5067 | D:7      | Found a transporter.
  5072 | D:7      | Found a transporter.
  5072 | D:7      | Noticed qw's ghost (novice TrCA)
  5096 | D:7      | Noticed Dowan
  5096 | D:7      | Noticed Duvessa
  5097 | D:7      | 5097 ||| INVOKING Fiery Armour.
  5103 | D:7      | Killed Dowan
  5104 | D:7      | 5104 ||| Stepping ~*~*~tactically~*~*~ (stealth).
  5109 | D:7      | Killed Duvessa
  5124 | D:7      | Found a broken altar of Ashenzari.
  5146 | D:7      | 5146 ||| Stepping ~*~*~tactically~*~*~ (hiding).
  5249 | D:7      | 5249 ||| Stepping ~*~*~tactically~*~*~ (outnumbered).
  5252 | D:7      | 5252 ||| Stepping ~*~*~tactically~*~*~ (outnumbered).
  5262 | D:7      | 5262 ||| INVOKING Fiery Armour.
  5340 | D:7      | Found a staircase to the Ecumenical Temple.
  5392 | D:7      | 5392 ||| Stepping ~*~*~tactically~*~*~ (hiding).
  5401 | D:7      | 5401 ||| Stepping ~*~*~tactically~*~*~ (stealth).
  5512 | D:7      | 5512 ||| Stepping ~*~*~tactically~*~*~ (stealth).
  5523 | D:7      | 5523 ||| Stepping ~*~*~tactically~*~*~ (stealth).
  5528 | D:7      | 5528 ||| Stepping ~*~*~tactically~*~*~ (stealth).
  5535 | D:7      | 5535 ||| Stepping ~*~*~tactically~*~*~ (stealth).
  5537 | D:7      | 5537 ||| Stepping ~*~*~tactically~*~*~ (stealth).
  5539 | D:7      | 5539 ||| Stepping ~*~*~tactically~*~*~ (stealth).
  5541 | D:7      | 5541 ||| Stepping ~*~*~tactically~*~*~ (stealth).
  5550 | D:7      | 5550 ||| Stepping ~*~*~tactically~*~*~ (stealth).
  5552 | D:7      | 5552 ||| Stepping ~*~*~tactically~*~*~ (stealth).
  5554 | D:7      | 5554 ||| Stepping ~*~*~tactically~*~*~ (stealth).
  5556 | D:7      | 5556 ||| Stepping ~*~*~tactically~*~*~ (stealth).
  5561 | D:7      | Found an ancient bone altar of Kikubaaqudgha.
  5562 | D:7      | 5562 ||| Stepping ~*~*~tactically~*~*~ (stealth).
  5568 | D:7      | 5568 ||| Stepping ~*~*~tactically~*~*~ (stealth).
  5577 | D:7      | Reached skill level 13 in Unarmed Combat
  5644 | D:7      | 5644 ||| READING scroll labelled ARPHY BE ZOYDGHE.
  5645 | D:7      | 5645 ||| READING scroll labelled TOLYTZ VOLOLO.
  5646 | D:7      | 5646 ||| DRINKING 2 cyan potions.
  5647 | D:7      | 5647 ||| DRINKING 2 bubbling grey potions.
  5751 | D:7      | 5751 ||| READING 2 scrolls of identify.
  5751 | D:7      | 5751 ||| IDENTIFYING viscous amethyst potion
  5752 | D:7      | 5752 ||| DROPPING potion of berserk rage.
  5791 | D:7      | 5791 ||| READING 2 scrolls of teleportation.
  5792 | D:7      | 5792 ||| STAIRDANCE
  5847 | D:8      | 5847 ||| Stepping ~*~*~tactically~*~*~ (stealth).
  5850 | D:8      | Reached skill level 1 in Armour
  5851 | D:8      | 5851 ||| FLEEEEING.
  5852 | D:8      | 5852 ||| FLEEEEING.
  5853 | D:8      | 5853 ||| STAIRDANCE
  5871 | D:8      | 5871 ||| STAIRDANCE
  5883 | D:8      | 5883 ||| STAIRDANCE
  5889 | D:7      | Reached XP level 10. HP: 85/96 MP: 10/10
  5902 | D:8      | 5902 ||| STAIRDANCE
  5944 | D:8      | 5944 ||| STAIRDANCE
  5977 | D:8      | 5977 ||| FLEEEEING.
  5978 | D:8      | 5978 ||| FLEEEEING.
  5979 | D:8      | 5979 ||| FLEEEEING.
  5980 | D:8      | 5980 ||| FLEEEEING.
  5981 | D:8      | 5981 ||| STAIRDANCE
  6006 | D:8      | 6006 ||| STAIRDANCE
  6016 | D:8      | 6016 ||| STAIRDANCE
  6061 | D:8      | 6061 ||| Stepping ~*~*~tactically~*~*~ (outnumbered).
  6062 | D:8      | 6062 ||| Stepping ~*~*~tactically~*~*~ (outnumbered).
  6063 | D:8      | 6063 ||| Stepping ~*~*~tactically~*~*~ (outnumbered).
  6064 | D:8      | 6064 ||| Stepping ~*~*~tactically~*~*~ (outnumbered).
  6065 | D:8      | 6065 ||| Stepping ~*~*~tactically~*~*~ (outnumbered).
  6073 | D:8      | Reached skill level 14 in Unarmed Combat
  6081 | D:8      | 6081 ||| Stepping ~*~*~tactically~*~*~ (stealth).
  6086 | D:8      | 6086 ||| Stepping ~*~*~tactically~*~*~ (stealth).
  6109 | D:8      | 6109 ||| Stepping ~*~*~tactically~*~*~ (stealth).
  6191 | D:8      | 6191 ||| Stepping ~*~*~tactically~*~*~ (stealth).
  6211 | D:8      | 6211 ||| Stepping ~*~*~tactically~*~*~ (stealth).
  6212 | D:8      | 6212 ||| Stepping ~*~*~tactically~*~*~ (stealth).
  6236 | D:8      | Reached skill level 6 in Fighting
  6240 | D:8      | 6240 ||| INVOKING Fiery Armour.
  6242 | D:8      | 6242 ||| Stepping ~*~*~tactically~*~*~ (outnumbered).
  6243 | D:8      | 6243 ||| Stepping ~*~*~tactically~*~*~ (outnumbered).
  6247 | D:8      | 6247 ||| Stepping ~*~*~tactically~*~*~ (outnumbered).
  6248 | D:8      | 6248 ||| Stepping ~*~*~tactically~*~*~ (outnumbered).
  6249 | D:8      | 6249 ||| Stepping ~*~*~tactically~*~*~ (outnumbered).
  6250 | D:8      | 6250 ||| Stepping ~*~*~tactically~*~*~ (outnumbered).
  6317 | D:8      | 6317 ||| Stepping ~*~*~tactically~*~*~ (stealth).
  6318 | D:8      | 6318 ||| Stepping ~*~*~tactically~*~*~ (stealth).
  6332 | D:8      | 6332 ||| Stepping ~*~*~tactically~*~*~ (stealth).
  6334 | D:8      | 6334 ||| Stepping ~*~*~tactically~*~*~ (stealth).
  6339 | D:8      | 6339 ||| Stepping ~*~*~tactically~*~*~ (stealth).
  6340 | D:8      | 6340 ||| Stepping ~*~*~tactically~*~*~ (stealth).
  6345 | D:8      | 6345 ||| Stepping ~*~*~tactically~*~*~ (hiding).
  6465 | D:8      | 6465 ||| Stepping ~*~*~tactically~*~*~ (stealth).
  6468 | D:8      | 6468 ||| Stepping ~*~*~tactically~*~*~ (stealth).
  6473 | D:8      | 6473 ||| Stepping ~*~*~tactically~*~*~ (stealth).
  6476 | D:8      | 6476 ||| Stepping ~*~*~tactically~*~*~ (stealth).
  6565 | D:8      | Found a staircase to the Lair.
  6597 | D:8      | Found a sparkling altar of Nemelex Xobeh.
  6743 | D:8      | 6743 ||| PLANNING LAIR
  6743 | D:8      | 6743 ||| READING 3 scrolls labelled HUTWAGIAWA.
  6744 | D:8      | 6744 ||| READING scroll labelled OCWEHI YRITSOSYX.
  6745 | D:8      | 6745 ||| READING 2 scrolls of identify.
  6745 | D:8      | 6745 ||| IDENTIFYING white potion
  6746 | D:8      | 6746 ||| DROPPING 2 scrolls of blinking.
  6757 | Lair:1   | Entered Level 1 of the Lair of Beasts
  6791 | Lair:1   | Noticed an eight-headed hydra
  6792 | Lair:1   | 6792 ||| Stepping ~*~*~tactically~*~*~ (stealth).
  6794 | Lair:1   | 6794 ||| Stepping ~*~*~tactically~*~*~ (stealth).
  6796 | Lair:1   | 6796 ||| INVOKING Fiery Armour.
  6799 | Lair:1   | Killed a nine-headed hydra
  6800 | Lair:1   | Reached skill level 15 in Unarmed Combat
  6901 | Lair:1   | Reached XP level 11. HP: 105/105 MP: 11/11
  6923 | Lair:1   | 6923 ||| Stepping ~*~*~tactically~*~*~ (stealth).
  6924 | Lair:1   | 6924 ||| Stepping ~*~*~tactically~*~*~ (stealth).
  6978 | Lair:1   | 6978 ||| Stepping ~*~*~tactically~*~*~ (stealth).
  6980 | Lair:1   | 6980 ||| INVOKING Fiery Armour.
  7005 | Lair:1   | 7005 ||| Stepping ~*~*~tactically~*~*~ (outnumbered).
  7082 | Lair:1   | 7082 ||| DRINKING potion of cancellation.
  7086 | Lair:1   | Reached skill level 1 in Throwing
  7238 | Lair:1   | 7238 ||| Stepping ~*~*~tactically~*~*~ (outnumbered).
  7239 | Lair:1   | 7239 ||| Stepping ~*~*~tactically~*~*~ (outnumbered).
  7240 | Lair:1   | 7240 ||| Stepping ~*~*~tactically~*~*~ (outnumbered).
  7241 | Lair:1   | 7241 ||| Stepping ~*~*~tactically~*~*~ (outnumbered).
  7242 | Lair:1   | 7242 ||| Stepping ~*~*~tactically~*~*~ (outnumbered).
  7243 | Lair:1   | 7243 ||| Stepping ~*~*~tactically~*~*~ (outnumbered).
  7244 | Lair:1   | 7244 ||| Stepping ~*~*~tactically~*~*~ (outnumbered).
  7245 | Lair:1   | 7245 ||| Stepping ~*~*~tactically~*~*~ (outnumbered).
  7246 | Lair:1   | 7246 ||| Stepping ~*~*~tactically~*~*~ (outnumbered).
  7256 | Lair:1   | 7256 ||| INVOKING Fiery Armour.
  7353 | Lair:1   | 7353 ||| INVOKING Fiery Armour.
  7359 | Lair:1   | 7359 ||| Stepping ~*~*~tactically~*~*~ (outnumbered).
  7363 | Lair:1   | Reached skill level 16 in Unarmed Combat
  7674 | Lair:2   | 7674 ||| PLANNING GAUNTLET
  7813 | Lair:2   | Found a staircase to the Swamp.
  7815 | Lair:2   | 7815 ||| INVOKING Fiery Armour.
  7816 | Lair:2   | 7816 ||| Stepping ~*~*~tactically~*~*~ (outnumbered).
  8119 | Lair:2   | Identified the +5 war axe of Pexui {freeze, Int+3}
  8184 | Lair:2   | 8184 ||| RIP GAUNTLET
  8250 | Lair:2   | 8250 ||| PLANNING LAIR
  8481 | Lair:2   | 8481 ||| READING 2 scrolls of identify.
  8481 | Lair:2   | 8481 ||| IDENTIFYING golden potion
  8482 | Lair:2   | 8482 ||| DROPPING potion of flight.
  8505 | Lair:3   | 8505 ||| STAIRDANCE
  8513 | Lair:3   | 8513 ||| STAIRDANCE
  8524 | Lair:3   | 8524 ||| STAIRDANCE
  8545 | Lair:3   | 8545 ||| STAIRDANCE
  8548 | Lair:2   | Reached skill level 3 in Throwing
  8550 | Lair:3   | 8550 ||| STAIRDANCE
  8555 | Lair:3   | 8555 ||| STAIRDANCE
  8581 | Lair:3   | 8581 ||| STAIRDANCE
  8605 | Lair:3   | 8605 ||| STAIRDANCE
  8620 | Lair:3   | 8620 ||| STAIRDANCE
  8700 | Lair:3   | 8700 ||| INVOKING Fiery Armour.
  8709 | Lair:3   | 8709 ||| Stepping ~*~*~tactically~*~*~ (outnumbered).
  8710 | Lair:3   | Reached skill level 3 in Dodging
  8728 | Lair:3   | 8728 ||| FLEEEEING.
  8729 | Lair:3   | 8729 ||| FLEEEEING.
  8730 | Lair:3   | 8730 ||| FLEEEEING.
  8731 | Lair:3   | 8731 ||| FLEEEEING.
  8732 | Lair:3   | 8732 ||| FLEEEEING.
  8733 | Lair:3   | 8733 ||| FLEEEEING.
  8734 | Lair:3   | 8734 ||| FLEEEEING.
  8820 | Lair:3   | 8820 ||| Stepping ~*~*~tactically~*~*~ (stealth).
  8821 | Lair:3   | 8821 ||| Stepping ~*~*~tactically~*~*~ (stealth).
  8829 | Lair:3   | 8829 ||| Stepping ~*~*~tactically~*~*~ (outnumbered).
  8831 | Lair:3   | 8831 ||| FLEEEEING.
  8832 | Lair:3   | 8832 ||| FLEEEEING.
  8839 | Lair:3   | 8839 ||| Stepping ~*~*~tactically~*~*~ (outnumbered).
  8840 | Lair:3   | 8840 ||| INVOKING Fiery Armour.
  8841 | Lair:3   | 8841 ||| Stepping ~*~*~tactically~*~*~ (outnumbered).
  8842 | Lair:3   | 8842 ||| Stepping ~*~*~tactically~*~*~ (outnumbered).
  8843 | Lair:3   | 8843 ||| Stepping ~*~*~tactically~*~*~ (outnumbered).
  8854 | Lair:3   | 8854 ||| Stepping ~*~*~tactically~*~*~ (outnumbered).
  8855 | Lair:3   | 8855 ||| Stepping ~*~*~tactically~*~*~ (outnumbered).
  8856 | Lair:3   | 8856 ||| Stepping ~*~*~tactically~*~*~ (outnumbered).
  8861 | Lair:3   | 8861 ||| Stepping ~*~*~tactically~*~*~ (outnumbered).
  8862 | Lair:3   | 8862 ||| Stepping ~*~*~tactically~*~*~ (outnumbered).
  8863 | Lair:3   | 8863 ||| Stepping ~*~*~tactically~*~*~ (outnumbered).
  8864 | Lair:3   | 8864 ||| Stepping ~*~*~tactically~*~*~ (outnumbered).
  8865 | Lair:3   | 8865 ||| Stepping ~*~*~tactically~*~*~ (outnumbered).
  8866 | Lair:3   | 8866 ||| Stepping ~*~*~tactically~*~*~ (outnumbered).
  8867 | Lair:3   | 8867 ||| Stepping ~*~*~tactically~*~*~ (outnumbered).
  8868 | Lair:3   | 8868 ||| Stepping ~*~*~tactically~*~*~ (outnumbered).
  8868 | Lair:3   | HP: 26/109 [elephant (6)]
  8869 | Lair:3   | 8869 ||| READING 3 scrolls of teleportation.
  8870 | Lair:3   | 8870 ||| DRINKING 3 potions of heal wounds.
  8912 | Lair:3   | Reached XP level 12. HP: 80/118 MP: 12/12
  8966 | Lair:3   | 8966 ||| Stepping ~*~*~tactically~*~*~ (stealth).
  8970 | Lair:3   | Identified the +0 falchion "Tormentor" {venom, rF+ rC++}
  8985 | Lair:3   | 8985 ||| Stepping ~*~*~tactically~*~*~ (stealth).
  8993 | Lair:3   | 8993 ||| Stepping ~*~*~tactically~*~*~ (stealth).
  9001 | Lair:3   | Reached skill level 17 in Unarmed Combat
  9050 | Lair:3   | 9050 ||| Stepping ~*~*~tactically~*~*~ (stealth).
  9064 | Lair:3   | Found a hole to the Spider Nest.
  9065 | Lair:3   | 9065 ||| PLANNING TEMPLE
  9065 | Lair:3   | 9065 ||| READING scroll labelled DOV MIMMETWE.
  9245 | Temple   | Entered the Ecumenical Temple
  9305 | Temple   | 9305 ||| PLANNING CONVERSION TO OKAWARU
  9312 | Temple   | Fell from the grace of Ignis
  9312 | Temple   | Became a worshipper of Warmaster Okawaru
  9313 | Temple   | 9313 ||| PLANNING LAIR
  9472 | Lair:3   | 9472 ||| Stepping ~*~*~tactically~*~*~ (hiding).
  9473 | Lair:3   | 9473 ||| Stepping ~*~*~tactically~*~*~ (hiding).
  9473 | Lair:3   | Noticed Amaemon
  9484 | Lair:3   | 9484 ||| Stepping ~*~*~tactically~*~*~ (outnumbered).
  9487 | Lair:3   | Killed Amaemon
  9642 | Lair:3   | Noticed Fannar
  9643 | Lair:3   | 9643 ||| FLEEEEING.
  9644 | Lair:3   | 9644 ||| FLEEEEING.
  9645 | Lair:3   | 9645 ||| FLEEEEING.
  9646 | Lair:3   | 9646 ||| FLEEEEING.
  9647 | Lair:3   | 9647 ||| FLEEEEING.
  9648 | Lair:3   | 9648 ||| FLEEEEING.
  9649 | Lair:3   | 9649 ||| FLEEEEING.
  9656 | Lair:3   | 9656 ||| FLEEEEING.
  9657 | Lair:3   | 9657 ||| Stepping ~*~*~tactically~*~*~ (hiding).
  9679 | Lair:3   | HP: 3/118 [Fannar/bolt of cold (40)]
  9680 | Lair:3   | 9680 ||| READING 2 scrolls of teleportation.
  9681 | Lair:3   | 9681 ||| DRINKING 2 potions of heal wounds.
  9682 | Lair:3   | 9682 ||| DRINKING potion of heal wounds.
  9731 | Lair:3   | You fall into a shaft and drop 2 floors!
  9731 | Lair:5   | Entered Level 5 of the Lair of Beasts
  9737 | Lair:5   | Reached * piety under Okawaru
  9742 | Lair:5   | 9742 ||| INVOKING Heroism.
  9878 | Lair:5   | Noticed Rupert
  9879 | Lair:5   | 9879 ||| INVOKING Heroism.
  9891 | Lair:5   | Killed Rupert
  9892 | Lair:5   | Noticed an eight-headed hydra
  9893 | Lair:5   | 9893 ||| FLEEEEING.
  9894 | Lair:5   | 9894 ||| FLEEEEING.
  9895 | Lair:5   | 9895 ||| FLEEEEING.
  9896 | Lair:5   | 9896 ||| INVOKING Heroism.
  9897 | Lair:5   | HP: 22/118 [eight-headed hydra (10)]
  9898 | Lair:5   | 9898 ||| READING scroll of teleportation.
  9898 | Lair:5   | Slain by an eight-headed hydra

Levels and vault maps discovered:
D:1:      elethiomel_arrival_quiet, layout_loops_ring, serial_shops, shop,
          ebering_ecumenical_altar_webs
D:2:      layout_basic
D:3:      kennysheep_slugbush, layout_basic,
          mainiacjoe_overflow_small_starburst, uniq_jessica
D:4:      layout_loops_ring, vehumet_statue
D:5:      layout_loops_ring, mainiacjoe_overflow_paths
D:6:      layout_cave_pools, nicolae_stop_n_shop_1, uniq_sigmund, uniq_eustachio
D:7:      layout_rooms, kennysheep_vampire_church,
          nicolae_overflow_hidden_temple, minmay_temple_entry_fiery,
          gammafunk_ghost_hive, uniq_duvessa
D:8:      nicolae_cairo_tiling, layout_rooms, nemelex_xobeh_ov_fountains_minmay,
          erik_lair_orcish_takeover
Temple:   nicolae_temple_great_sept
Lair:1:   layout_long_grid
Lair:2:   layout_cave_pods, minmay_swamp_entry_worms, gauntlet_entry_generic
Lair:3:   layout_cave_pods, nicolae_spider_entry_non_spiders,
          beast_lair_carwin_7, infiniplex_staircase_pool_2, uniq_fannar,
          uniq_snorg, uniq_amaemon, uniq_urug
Lair:5:   cheibrodos_lair_end_hotspot, layout_regular_city, dpeg_oklob_1,
          uniq_rupert

Skill      XL: |  1  2  3  4  5  6  7  8  9 10 11 12 |
---------------+-------------------------------------+-----
Unarmed Combat | 4 5 7 9 11 13 15 16 17 | 17.7
Dodging        | 1 2 3 |  3.1
Fighting       | 3 4 5 6 7 |  7.0
Armour         | 1 |  1.2
Throwing       | 4 |  4.0
Invocations    | 2 |  2.3
Spellcasting   | |  1.0
Fire Magic     | |  2.1

Action                   |  1- 3 |  4- 6 |  7- 9 | 10-12 || total
-------------------------+-------+-------+-------+-------++-------
Melee: Unarmed           |   111 |   127 |   190 |   344 ||   772
       Punch             |     3 |     4 |    11 |    27 ||    45
Throw: Boomerang         |       |       |       |    55 ||    55
       Javelin           |       |       |       |    26 ||    26
Invok: Fiery Armour      |       |     2 |     3 |     8 ||    13
       Heroism           |       |       |       |     3 ||     3
  Use: Scroll            |     3 |     8 |     6 |     8 ||    25
       Potion            |       |     1 |     4 |     4 ||     9
Armor: Robe              |    39 |    37 |    41 |    86 ||   203
Dodge: Dodged            |    48 |    38 |    59 |   115 ||   260
Block: Other             |       |       |    25 |    64 ||    89
       Reflection        |       |       |       |     2 ||     2

Table legend:
 A = Non-vault XP
 B = Vault XP
 C = Vault XP percentage of total XP
 D = Non-vault monster count
 E = Vault monster count
 F = Vault count percentage of total count
                 A         B        C        D         E       F
            +---------+---------+-------+---------+---------+-------
      Total |   22852 |    5215 |  18.6 |     238 |      46 |  16.2
            +---------+---------+-------+---------+---------+-------
        D:1 |      56 |       0 |   0.0 |      31 |       0 |   0.0
        D:2 |      56 |       0 |   0.0 |       7 |       0 |   0.0
        D:3 |      45 |      77 |  63.1 |      20 |      11 |  35.5
        D:4 |     442 |      32 |   6.8 |      21 |       1 |   4.5
        D:5 |    1853 |       0 |   0.0 |      27 |       0 |   0.0
        D:6 |     627 |     426 |  40.5 |       8 |       2 |  20.0
        D:7 |    1696 |     380 |  18.3 |      22 |      12 |  35.3
        D:8 |    3148 |     574 |  15.4 |      38 |       7 |  15.6
     Lair:1 |    5895 |       0 |   0.0 |      25 |       0 |   0.0
     Lair:2 |    1906 |     602 |  24.0 |      13 |       3 |  18.8
     Lair:3 |    5735 |    1308 |  18.6 |      21 |       9 |  30.0
     Lair:5 |    1393 |    1816 |  56.6 |       5 |       1 |  16.7
            +---------+---------+-------+---------+---------+-------
